 Dungeon Crawl Stone Soup version 0.28-b1-25-g9875b3fc8c (webtiles) character file.

Game seed: 9350284940437279319

102 adizb the Skirmisher (level 4, -1/50 HPs)
             Began as an Ogre Monk on Feb 2, 2022.
             Slain by an adder (2 damage)
             ... on level 2 of the Dungeon.
             The game lasted 00:15:47 (1824 turns).

adizb the Skirmisher (Ogre Monk)                    Turns: 1824, Time: 00:15:48

Health: -1/50      AC:  3    Str: 17    XL:     4   Next: 78%
Magic:  6/6        EV: 10    Int: 11    God:
Gold:   46         SH:  0    Dex: 11    Spells: 5/5 levels left

rFire   . . .      SeeInvis .   e - +2 whip (vamp)
rCold   . . .      Faith    .   (no shield)
rNeg    . . .      Spirit   .   b - +0 robe
rPois   .          Reflect  .   (helmet restricted)
rElec   .          Harm     .   (no cloak)
rCorr   .          Rampage  .   (gloves unavailable)
Will    .....                   (boots unavailable)
Stlth   ++........              (no amulet)
HPRegen 0.16/turn               (no ring)
MPRegen 0.10/turn               (no ring)

@: no status effects
A: large, unfitting armour, tough skin 1
a: no special abilities


You were on level 2 of the Dungeon.
You visited 1 branch of the dungeon, and saw 2 of its levels.

You collected 46 gold pieces.

Inventory:

Hand Weapons
 a - a +0 spear
 e - a +2 vampiric whip (weapon)
 h - a +0 hunting sling
Missiles
 d - 51 stones (quivered)
 g - 6 poisoned darts
Armour
 b - a +0 robe (worn)
Magical Staves
 i - a staff of death
Scrolls
 c - a scroll of enchant weapon {unknown}
 m - a scroll of amnesia {unknown}
Potions
 j - a potion of attraction
 k - a potion of ambrosia {unknown}


   Skills:
 * Level 5.2 Fighting
 - Level 3.0(3.3) Polearms
 * Level 2.0(2.8) Staves
 + Level 1.1 Throwing
 + Level 3.0 Dodging
 - Level 1.4 Stealth
 + Level 1.4 Spellcasting


You had 5 spell levels left.
You didn't know any spells.
Your spell library contained the following spells:

 Spells                   Type           Power      Damage    Failure   Level
 Static Discharge         Conj/Air       0%         N/A       43%         2
 Lightning Bolt           Conj/Air       0%         1d11      100%        5
 Maxwell's Capacitive Co  Air            0%         ∞         100%        8


Dungeon Overview and Level Annotations

Branches:
Dungeon (2/15)

Altars:


Innate Abilities, Weirdness & Mutations

You are too large for most types of armour.
You have tough skin. (AC +1)


Message History

* * * LOW HITPOINT WARNING * * *
You closely miss the adder.
The adder is severely wounded.
You feel sick.
You are no longer poisoned.
The adder misses you. The endoplasm completely misses you.
The adder closely misses you.
You closely miss the adder.
The adder is severely wounded.
The adder bites you but does no damage. The endoplasm barely misses you.
You closely miss the adder.
The adder is severely wounded.
The adder bites you.
* * * LOW HITPOINT WARNING * * *
The endoplasm freezes you.
You are frozen.
* * * LOW HITPOINT WARNING * * *
The adder barely misses you.
You hit the adder.
You feel better.
The adder is severely wounded.
The endoplasm freezes you.
You are frozen.
* * * LOW HITPOINT WARNING * * *
The adder bites you but does no damage.
You hit the adder.
The adder is almost dead.
The adder closely misses you. The endoplasm barely misses you.
You miss the adder.
The adder is almost dead.
The adder bites you but does no damage. The endoplasm hits you.
* * * LOW HITPOINT WARNING * * *
The adder bites you.
* * * LOW HITPOINT WARNING * * *
You barely miss the adder.
The adder is almost dead.
The endoplasm freezes you.
You are frozen.
* * * LOW HITPOINT WARNING * * *
The adder bites you.
You die...

...................S......
..)...................## ...
#########........###...... #...
#...).......# #...### # #.#.
#...........###...### #.#[#.
#......####.........# #.#...
#......# #......##.# .....
###....# #SJ....##.#####.##
#....## #@.....##.#.....†.
#.....###......##....##.#.
#..)...........##....##<#. #####
#.........###........####. ....#
###.......# #...##......'. ....#
#.......# #...##....###.
....######.......# #...##....# ..
.................# #...##....##..
###........###..####.......#.##..


You could see an adder and an endoplasm.

Vanquished Creatures
  An orc wizard (D:2)
  2 adders
  2 worms (D:2)
  A dart slug (D:2)
  4 orcs (D:2)
  3 ball pythons (D:1)
  7 endoplasms
  A giant cockroach (D:1)
  8 goblins
  2 hobgoblins (D:1)
  4 kobolds
  5 bats
  3 frilled lizards
  3 rats
46 creatures vanquished.

Notes
Turn   | Place    | Note
-------+----------+-------------------------------------------
     0 | D:1      | adizb the Ogre Monk began the quest for the Orb.
     0 | D:1      | Reached XP level 1. HP: 24/24 MP: 1/1
    96 | D:1      | Found a faded altar of an unknown god.
   225 | D:1      | Reached XP level 2. HP: 32/32 MP: 2/2
   582 | D:1      | Reached skill level 1 in Staves
   722 | D:1      | Reached XP level 3. HP: 28/40 MP: 3/3
  1137 | D:2      | Reached skill level 1 in Spellcasting
  1293 | D:2      | Reached skill level 5 in Fighting
  1293 | D:2      | Reached skill level 1 in Throwing
  1293 | D:2      | Reached XP level 4. HP: 24/50 MP: 5/5
  1823 | D:2      | HP: 2/50 [adder (1)]
  1824 | D:2      | Slain by an adder

Illustrated notes

Levels and vault maps discovered:
D:1:      scummos_arrival_forest, layout_basic,
          ebering_ecumenical_altar_abandoned, nrook_uturn
D:2:      layout_basic

Skill      XL: |  1  2  3  4 |
---------------+-------------+-----
Staves         | 1 2 |  2.0
Spellcasting   | 1 |  1.4
Fighting       | 5 |  5.2
Throwing       | 1 |  1.1
Dodging        | 3 |  3.0
Polearms       | |  3.0
Stealth        | |  1.4

Action                   |  1- 3 |  4- 6 || total
-------------------------+-------+-------++-------
Melee: Spear             |   101 |    49 ||   150
       Punch             |     2 |       ||     2
       Whip              |       |    12 ||    12
 Fire: Hunting sling     |    28 |     2 ||    30
Throw: Stone             |    20 |       ||    20
  Use: Scroll            |     1 |     2 ||     3
       Potion            |       |     1 ||     1
 Stab: Sleeping          |     3 |       ||     3
Armor: Robe              |    12 |    12 ||    24
Dodge: Dodged            |    36 |    39 ||    75
